 Dungeon Crawl Stone Soup version 0.28.0-55-gcd9437bce4 (webtiles) character file.

Game seed: 4022716086569282538

13 MrZane the Sneak (level 2, -3/19 HPs)
             Began as an Octopode Brigand on Dec 1, 2022.
             Slain by Terence
             ... wielding a +0 flail
              (5 damage)
             ... on level 2 of the Dungeon.
             The game lasted 00:01:32 (287 turns).

MrZane the Sneak (Octopode Brigand)                  Turns: 287, Time: 00:01:33

Health: -3/19      AC:  1    Str: 10    XL:     2   Next: 37%
Magic:  2/2        EV: 13    Int: 13    God:
Gold:   3          SH:  0    Dex: 13    Spells: 1/1 levels left

rFire   . . .      SeeInvis .   a - +2 dagger
rCold   . . .      Faith    .   (no shield)
rNeg    . . .      Spirit   .   (helmet restricted)
rPois   .          Reflect  .   (no amulet)
rElec   .          Harm     .   (no ring)
rCorr   .          Rampage  .   (no ring)
Will    .....                   (no ring)
Stlth   ++++......              (no ring)
HPRegen 0.06/turn               (no ring)
MPRegen 0.08/turn               (no ring)
                                (no ring)
                                (no ring)

@: no status effects
A: almost no armour, amphibious, 8 rings, camouflage 1, gelatinous body 1,
(nimble swimmer 1), tentacles
a: no special abilities


You were on level 2 of the Dungeon.
You visited 1 branch of the dungeon, and saw 2 of its levels.

You collected 3 gold pieces.

Inventory:

Hand Weapons
 a - a +2 dagger (weapon)
Missiles
 b - 8 poisoned darts (quivered)
 c - 2 curare-tipped darts
Jewellery
 e - a +4 ring of evasion
Potions
 d - a potion of curing {unknown}
 f - a potion of berserk rage {unknown}
 g - a potion of heal wounds {unknown}


   Skills:
 + Level 2.1 Fighting
 + Level 2.1 Short Blades
 + Level 2.0 Throwing
 + Level 1.2 Dodging
 + Level 5.9 Stealth


You had one spell level left.
You didn't know any spells.
Your spell library was empty.

Dungeon Overview and Level Annotations

Branches:
Dungeon (2/15)

Altars:

Annotations:
D:2 Terence


Innate Abilities, Weirdness & Mutations

You cannot wear most types of armour.
You are amphibious.
You can wear up to eight rings at the same time.
Your skin changes colour to match your surroundings (Stealth+).
Your rubbery body absorbs attacks. (AC +1, EV +1)
((You are camouflaged when in or above water. (Stealth+)))
You have tentacles for arms and can constrict up to eight enemies at once.


Message History

The bat hits you. The bat closely misses you.
The bat hits you but does no damage. The bat closely misses you.
A bat comes into view.
Found a stone staircase leading down.
The bat hits you but does no damage. The bat closely misses you.
The bat closely misses you. The bat hits you but does no damage.
The bat closely misses you.
You hit the bat. Your grab misses the bat. Your squeeze misses the bat.
The bat is moderately wounded.
The bat hits you but does no damage. The bat barely misses you.
The bat hits you. The bat hits you but does no damage.
You completely miss the bat. You grab the bat. You squeeze the bat.
You kill the bat!
The bat hits you. The bat barely misses you.
There is a stone staircase leading down here.
The bat closely misses you.
There is a stone staircase leading down here.
The bat closely misses you.
You climb downwards.
Found a dented sapphire amulet.
There is a stone staircase leading up here.
Terence asks, "Do you want it fast or slow?"
You hit Terence but do no damage. Your grab misses Terence.
You barely miss Terence. You grab Terence. You squeeze Terence.
Terence is moderately wounded.
You constrict Terence, but do no damage.
Terence hits you with a +0 flail!
* * * LOW HITPOINT WARNING * * *
You hit Terence but do no damage.
Terence is moderately wounded.
You constrict Terence, but do no damage.
Terence misses you.
You hit Terence.
You tentacle-slap Terence, but do no damage.
Terence is heavily wounded.
You constrict Terence. Terence hits you with a +0 flail.
You die...

#######.#
###<......#
#..@.......
#..@...l...
#........"..
#.........##
#...........
######+#####


You could see Terence and a frilled lizard (asleep).

Vanquished Creatures
  An endoplasm (D:1)
  A goblin (D:1)
  A hobgoblin (D:1)
  A jackal (D:1)
  A quokka (D:1)
  2 ball pythons (D:1)
  3 bats (D:1)
  A rat (D:1)
11 creatures vanquished.

Notes
Turn   | Place    | Note
-------+----------+-------------------------------------------
     0 | D:1      | MrZane the Octopode Brigand began the quest for the Orb.
     0 | D:1      | Reached XP level 1. HP: 14/14 MP: 1/1
   192 | D:1      | Reached XP level 2. HP: 11/19 MP: 2/2
   282 | D:2      | Noticed Terence
   287 | D:2      | Slain by Terence

Illustrated notes

Levels and vault maps discovered:
D:1:      minmay_arrival_glassed_features, layout_loops_cross,
          minmay_heptomino_h4
D:2:      layout_basic, uniq_terence

Action                   || total
-------------------------++-------
Melee: Dagger            ||    24
       Constrict         ||     7
       Tentacles         ||     4
       Punch             ||     1
 Stab: Sleeping          ||     5
Armor: Skin              ||    13
Dodge: Dodged            ||    30
